AoeStats
← Djurro

Golden Pit

509883530Analyzed
1v1 RM · 2d ago on Sep 28, 2026· 62m 10s· 2 players
Game mode
Random Map
Map size
Tiny (2 player)
Population
200
Speed
Normal
Resources
Standard
Victory
Conquest
Starting age
Dark Age
Ending age
Imperial Age
RankedLock teamsTeams togetherTeam positionsShared explorationLock speedFull tech treeHidden civsTurbo modeCheats
Victory
Defeat
🇨🇿 Persians · Czechia
925
+18
958
-18
大清第一巴图鲁
4:05 Loom
11:47 Feudal Age
14:16 Double-Bit Axe
17:04 Horse Collar
22:43 Castle Age
20:53 Gold Mining
20:54 Stone Mining
21:38 Stone Mining
23:21 Scale Mail Armor
23:32 Forging
23:15 Fletching
24:25 Bow Saw
24:28 Heavy Plow
25:05 Pikeman
27:16 Wheelbarrow
29:13 Scale Barding Armor
31:25 Chain Barding Armor
32:05 Gold Shaft Mining
36:28 Imperial Age
35:41 Stone Shaft Mining
35:32 Town Watch
36:03 Hand Cart
36:55 Capped Ram
37:58 Siege Ram
39:46 Chain Mail Armor
40:07 Iron Casting
39:18 Halberdier
44:33 Plate Mail Armor
45:04 Blast Furnace
46:10 Heavy Scorpion
54:00 Bodkin Arrow
57:21 Thumb Ring
58:02 Elite Skirmisher
58:56 Squires
58:42 Arson
62:35 Ballistics
Djurro
3:09 Loom
9:41 Feudal Age
17:32 Castle Age
21:53 Double-Bit Axe
27:53 Forging
28:26 Horse Collar
30:41 Wheelbarrow
33:55 Imperial Age
32:02 Town Watch
32:16 Fletching
33:35 Hand Cart
33:46 Cavalier
36:09 Conscription
36:01 Gold Mining
36:07 Stone Mining
38:22 Chemistry
38:25 Bodkin Arrow
40:02 Scale Barding Armor
43:53 Bow Saw
43:17 Elite Skirmisher
44:21 Husbandry
47:35 Bloodlines
47:55 Thumb Ring
49:42 Iron Casting
49:28 Chain Barding Armor
51:40 Onager
51:57 Savar
53:37 Plate Barding Armor
54:03 Blast Furnace
55:21 Ballistics
55:11 Masonry
55:04 Padded Archer Armor
56:22 Town Patrol
57:56 Scale Mail Armor
58:11 Leather Archer Armor
59:25 Two-Man Saw
59:57 Kamandaran
60:51 Hoardings
Connection lost

Rejoining the realm…

Still unreachable

The connection could not be restored.

Session expired

The server has moved on; the page needs a fresh start.